AoeStats
← GimmeYourTots

Arabia

510316280Analyzed
1v1 RM · 1d ago on Sep 30, 2026· 48m 26s· 2 players
Game mode
Random Map
Map size
Tiny (2 player)
Population
200
Speed
Normal
Resources
Standard
Victory
Conquest
Starting age
Dark Age
Ending age
Imperial Age
RankedLock teamsTeams togetherTeam positionsShared explorationLock speedFull tech treeHidden civsTurbo modeCheats
Victory
Defeat
🇪🇸 Lithuanians · Spain
579
+15
🇺🇸 Japanese · United States
564
-15
GimmeYourTots
7:48 Loom
11:35 Feudal Age
15:16 Forging
15:06 Scale Mail Armor
15:31 Man-at-Arms
16:02 Double-Bit Axe
18:25 Horse Collar
19:49 Wheelbarrow
21:12 Fletching
21:22 Padded Archer Armor
27:50 Castle Age
28:37 Pikeman
28:40 Long Swordsman
28:43 Elite Skirmisher
30:41 Iron Casting
30:05 Pikeman
32:51 Squires
43:41 Murder Holes
manitasc3rdo
0:27 Loom
14:05 Feudal Age
15:16 Double-Bit Axe
15:15 Horse Collar
17:53 Fletching
24:47 Gold Mining
24:50 Stone Mining
25:04 Padded Archer Armor
25:10 Scale Barding Armor
25:18 Forging
27:26 Wheelbarrow
29:47 Castle Age
27:54 Scale Mail Armor
28:08 Bloodlines
31:41 Husbandry
33:09 Hand Cart
34:32 Iron Casting
35:21 Murder Holes
36:46 Ballistics
42:21 Bodkin Arrow
42:49 Chain Barding Armor
43:21 Bow Saw
43:49 Stone Shaft Mining
43:18 Heavy Plow
45:55 Leather Archer Armor
45:56 Chain Mail Armor
48:15 Imperial Age
46:18 Elite Skirmisher
Connection lost

Rejoining the realm…

Still unreachable

The connection could not be restored.

Session expired

The server has moved on; the page needs a fresh start.